 Dungeon Crawl Stone Soup version 0.22.1-1-ga44c0e56f4 (webtiles) character file.

344 KleinerIrrer the Covered (level 6, -8/38 HPs)
             Began as a Gargoyle Fighter on Oct 18, 2018.
             Was an Initiate of Qazlal.
             Mangled by an ice beast (12 damage)
             ... on level 5 of the Dungeon.
             The game lasted 00:05:55 (3383 turns).

KleinerIrrer the Covered (Gargoyle Fighter)         Turns: 3383, Time: 00:05:58

Health: -8/38      AC: 14    Str: 22    XL:     6   Next: 58%
Magic:  6/6        EV: 11    Int:  8    God:    Qazlal [......]
Gold:   123        SH:  0    Dex:  9    Spells: 5/5 levels left

rFire    . . .     SeeInvis .   a - +0 war axe
rCold    . . .     Gourm    .   (no shield)
rNeg     + + .     Faith    .   j - +0 ring mail (curse)
rPois    ∞         Spirit   .   o - +0 helmet
rElec    +         Reflect  .   p - +0 cloak
rCorr    .         Harm     .   (no gloves)
MR       .....                  n - +0 pair of boots
Stlth    ..........             (no amulet)
HPRegen  0.12/turn              g - ring of positive energy
MPRegen  0.10/turn              (no ring)

@: no status effects
A: negative energy resistance 1, electricity resistance, unbreathing,
petrification resistance, rot immunity, AC +4
a: Renounce Religion


You were on level 5 of the Dungeon.
You worshipped Qazlal.
Qazlal was noncommittal.
You were not hungry.

You visited 1 branch of the dungeon, and saw 5 of its levels.

You collected 123 gold pieces.

Inventory:

Hand Weapons
 a - a +0 war axe (weapon)
 r - a +0 mace of crushing
Missiles
 k - 63 bolts
Armour
 b - a +0 scale mail
 c - a +0 shield
 j - a cursed +0 ring mail (worn)
 n - a +0 pair of boots (worn)
 o - a +0 helmet (worn)
 p - a +0 cloak (worn)
 A - the cursed +0 ring mail "Kouced" {-Cast +Fly rPois Str+5, unknown}
   (You found it on level 5 of the Dungeon)

   It affects your strength (+5).
   It protects you from poison.
   It lets you fly.
   It prevents spellcasting.
   It has a curse placed upon it.
Jewellery
 g - a ring of positive energy (left hand)
 s - an uncursed ring of poison resistance {unknown}
Wands
 x - a wand of enslavement (10)
Scrolls
 m - 5 scrolls of teleportation
 q - 2 scrolls of amnesia
 t - a scroll of magic mapping
 w - 2 scrolls of identify
Potions
 d - 2 potions of might
 e - 2 potions of lignification {unknown}
 h - 3 potions of brilliance {unknown}
 i - a potion of mutation {unknown}
 l - a potion of cancellation {unknown}
 u - 2 potions of curing {unknown}
 v - a potion of heal wounds {unknown}
 z - a potion of magic {unknown}
Comestibles
 f - 5 rations
 B - 3 chunks of flesh


   Skills:
 + Level 4.2 Fighting
 + Level 4.4 Axes
 + Level 4.5 Armour
 + Level 1.0 Dodging
 - Level 4.0 Shields


You had 5 spell levels left.
You didn't know any spells.
Your spell library was empty.

Dungeon Overview and Level Annotations

Branches:
Dungeon (5/15)
 Temple: D:4-7

Altars:
Qazlal
Yredelemnul
The Shining One


Innate Abilities, Weirdness & Mutations

You are resistant to torment.
Your stone body is resilient. (AC +4)
You are immune to poison.
You resist negative energy. (rN+)
You are resistant to electric shocks. (rElec)
You can survive without breathing.
You are immune to petrification.
You are immune to rotting.


Message History

You hit the ice beast but do no damage. The ice beast barely misses you.
The ice beast hits you but does no damage.
The crimson imp hits you but does no damage.
The crimson imp blinks!
The crimson imp hits you.
There is an open door here.
You hit the ice beast but do no damage.
The ice beast is moderately wounded.
The ice beast hits you but does no damage.
You closely miss the ice beast.
The ice beast is moderately wounded.
The ice beast hits you but does no damage.
You hit the ice beast but do no damage.
The ice beast is moderately wounded.
The ice beast hits you. The ice beast freezes you!
* * * LOW HITPOINT WARNING * * *
The ice beast hits you.
* * * LOW HITPOINT WARNING * * *
The ice beast freezes you!
You die...

.......###'##....###....
.......#................
.......#...÷÷...........
..######........(.......
......##................
......##.....##.......#
......................+
......................#
......##.....###@.....#
......##.....###Y######
......##.......55.#######
......##...........#....# #
......##...........#....##.#
......# .....(.....#.......#
.###### ###.......#.......#
.# ...........#.......# .#
...............5.....#


You could see an ice beast and 2 crimson imps.

Vanquished Creatures
  2 scorpions (D:4)
  3 hounds
  An orc wizard (D:3)
  A gnoll (D:1)
  3 adders
  3 worms
  2 leopard geckos (D:2)
  4 orcs
  A ball python (D:2)
  4 giant cockroaches (D:1)
  5 hobgoblins
  7 jackals
  A quokka (D:5)
  7 bats
  5 frilled lizards
  13 goblins
  6 kobolds
  A leopard gecko skeleton (D:5)
  4 rats
  A spectral orc (D:3)
74 creatures vanquished.

Notes
Turn   | Place    | Note
-------+----------+-------------------------------------------
     0 | D:1      | KleinerIrrer the Gargoyle Fighter began the quest for the
                  | Orb.
     0 | D:1      | Reached XP level 1. HP: 14/14 MP: 1/1
   100 | D:1      | Reached XP level 2. HP: 15/19 MP: 2/2
   335 | D:1      | Reached XP level 3. HP: 20/23 MP: 3/3
  1220 | D:2      | Reached XP level 4. HP: 22/29 MP: 4/4
  1582 | D:3      | Reached XP level 5. HP: 27/33 MP: 5/5
  1962 | D:3      | Found a basalt altar of Yredelemnul.
  2479 | D:4      | Found a stormy altar of Qazlal.
  2481 | D:4      | Noticed an air elemental
  2481 | D:4      | Noticed a water elemental
  2482 | D:4      | Noticed a fire elemental
  2518 | D:4      | Became a worshipper of Qazlal Stormbringer
  2656 | D:4      | Found a glowing golden altar of the Shining One.
  2710 | D:4      | Reached XP level 6. HP: 38/38 MP: 6/6
  3210 | D:5      | Entered Level 5 of the Dungeon
  3311 | D:5      | Got a heavily runed ring mail
  3339 | D:5      | Reached skill level 1 in Dodging
  3360 | D:5      | Noticed an ice beast
  3383 | D:5      | Mangled by an ice beast

Skill      XL: |  1  2  3  4  5  6 |
---------------+-------------------+-----
Axes           | 2 3 4 |  4.4
Shields        | 4 |  4.0
Armour         | 4 |  4.5
Fighting       | 4 |  4.2
Dodging        | 1 |  1.0

Action                   |  1- 3 |  4- 6 || total
-------------------------+-------+-------++-------
Melee: War axe           |   137 |   145 ||   282
  Use: Scroll            |     3 |     3 ||     6
  Eat: Chunk             |     1 |     7 ||     8
Armor: Scale mail        |    15 |       ||    15
       Ring mail         |    71 |    88 ||   159
Dodge: Dodged            |    56 |    90 ||   146
Block: Shield            |    86 |    42 ||   128
